SA
PHOENIX HOTSPUR U-21 @ BELLEVUE BRUINS
07/09/2027
 
TOP OF THE 1ST
Phoenix Hotspur U-21 batting - Pitching for Bellevue Bruins : LHP Wilson Longoria
Pitching: LHP Wilson Longoria
Batting: RHB Solomon Norment 0-0: Ball
1-0: Called Strike
1-1: Ball
2-1: Ball
3-1: Called Strike
3-2: Base on Balls
Batting: LHB Tyler Kinjeketile 0-0: Ball
Solomon Norment steals 2nd base
1-0: Called Strike
1-1: Foul Ball, location: 2F
1-2: Foul Ball, location: 2F
1-2: Foul Ball, location: 2F
1-2: Strikes out looking
Batting: LHB Corey Ferguson 0-0: Foul Ball, location: 2F
0-1: Ball
1-1: Foul Ball, location: 2F
1-2: Foul Ball, location: 2F
1-2: Ball
2-2: Ball
3-2: Foul Ball, location: 2F
3-2: Strikes out swinging
Batting: RHB Juan Negrete 0-0: Foul Ball, location: 2F
0-1: Foul Ball, location: 2F
0-2: Strikes out looking
Top of the 1st over - 0 run(s), 0 hit(s), 0 error(s), 1 left on base; Phoenix 0 - Bellevue 0
BOTTOM OF THE 1ST
Bellevue Bruins batting - Pitching for Phoenix Hotspur U-21 : RHP Maru Pao Pao
Pitching: RHP Maru Pao Pao
Batting: SHB Jorge Ayala 0-0: Foul Ball, location: 2F
0-1: Ball
1-1: Swinging Strike
1-2: Strikes out swinging
Batting: RHB Ernesto Bea 0-0: Ball
1-0: Ball
2-0: Foul Ball, location: 2F
2-1: Swinging Strike
2-2: Strikes out swinging, 2-3 out at first.
Batting: SHB Aurelio Jiménez 0-0: Called Strike
0-1: Foul Ball, location: 2F
0-2: Strikes out looking
Bottom of the 1st over - 0 run(s), 0 hit(s), 0 error(s), 0 left on base; Phoenix 0 - Bellevue 0
TOP OF THE 2ND
Phoenix Hotspur U-21 batting - Pitching for Bellevue Bruins : LHP Wilson Longoria
Batting: RHB Bill Erickson 0-0: Ball
1-0: Foul Ball, location: 2F
1-1: Called Strike
1-2: Ground out 3-1 (Groundball, 34)
Batting: LHB Jason DeGeorge 0-0: SINGLE (Flyball, 9LM)
Batting: SHB Huey Wood 0-0: Swinging Strike
Error on foul ball, E2
0-2: Foul Ball, location: 2F
0-2: Ball
1-2: Fly out, F6 (Popup, 6MD)
Batting: RHB Dale Everest 0-0: Ball
1-0: Foul Ball, location: 2F
1-1: Called Strike
Jason DeGeorge steals 2nd base
1-2: Foul Ball, location: 2F
1-2: SINGLE (Line Drive, 8LS)
Jason DeGeorge to third
Runner from 3rd tries for Home, SAFE, no throw
Batting: RHB Bill Poole 0-0: Called Strike
0-1: Ball
1-1: Swinging Strike
1-2: Ball
2-2: Strikes out looking
Top of the 2nd over - 1 run(s), 2 hit(s), 1 error(s), 1 left on base; Phoenix 1 - Bellevue 0
BOTTOM OF THE 2ND
Bellevue Bruins batting - Pitching for Phoenix Hotspur U-21 : RHP Maru Pao Pao
Batting: RHB Alberto Lastaneda 0-0: Foul Ball, location: 2F
0-1: Fly out, F6 (Popup, 6D)
Batting: LHB Lorenzo Díaz 0-0: Ball
1-0: Ball
2-0: Ground out 5-3 (Groundball, 56)
Batting: RHB Miguel Elías 0-0: Ball
1-0: Called Strike
1-1: Ball
2-1: Swinging Strike
2-2: Strikes out swinging
Bottom of the 2nd over - 0 run(s), 0 hit(s), 0 error(s), 0 left on base; Phoenix 1 - Bellevue 0
TOP OF THE 3RD
Phoenix Hotspur U-21 batting - Pitching for Bellevue Bruins : LHP Wilson Longoria
Batting: RHB Solomon Norment 0-0: Ball
1-0: Swinging Strike
1-1: Ball
2-1: Ball
3-1: Base on Balls
Batting: LHB Tyler Kinjeketile 0-0: Ball
1-0: Swinging Strike
1-1: Grounds into double play, 4-6-3 (Groundball, 4)
Batting: LHB Corey Ferguson 0-0: Ball
1-0: Ball
2-0: Foul Ball, location: 2F
2-1: Swinging Strike
2-2: Strikes out swinging
Top of the 3rd over - 0 run(s), 0 hit(s), 0 error(s), 0 left on base; Phoenix 1 - Bellevue 0
BOTTOM OF THE 3RD
Bellevue Bruins batting - Pitching for Phoenix Hotspur U-21 : RHP Maru Pao Pao
Batting: LHB David Muller 0-0: Ball
1-0: Fly out, F8 (Flyball, 8RM)
Batting: RHB Carlos Cruz 0-0: Called Strike
0-1: Ground out 5-3 (Groundball, 56)
Batting: LHB Juan Romero 0-0: Ground out U3 (Groundball, 34S)
Bottom of the 3rd over - 0 run(s), 0 hit(s), 0 error(s), 0 left on base; Phoenix 1 - Bellevue 0
TOP OF THE 4TH
Phoenix Hotspur U-21 batting - Pitching for Bellevue Bruins : LHP Wilson Longoria
Batting: RHB Juan Negrete 0-0: Foul Ball, location: 2F
0-1: Ball
1-1: Foul Ball, location: 2F
1-2: Ball
2-2: Ball
3-2: Base on Balls
Batting: RHB Bill Erickson 0-0: Ball
Passed Ball!
Juan Negrete to second
1-0: Ball
2-0: Foul Ball, location: 2F
2-1: SINGLE (Flyball, 78S)
Juan Negrete to third
Batting: LHB Jason DeGeorge 0-0: Ball
1-0: Called Strike
1-1: Fly out, F9 (Flyball, 89M)
Runner from 3rd tags up, SCORES, no throw
Batting: SHB Huey Wood 0-0: DOUBLE (Line Drive, 78M)
Bill Erickson to third
Runner from 3rd tries for Home, SAFE, no throw
Pitching: LHP Gwang-soo Park
Pinch Runner at 2nd Jim Unknown:
Batting: RHB Dale Everest 0-0: Called Strike
0-1: Foul Ball, location: 2F
0-2: Ground out 4-3 (Groundball, 4)
Jim Unknown to third
Batting: RHB Bill Poole 0-0: Ball
1-0: Ground out 6-3 (Groundball, 6D)
Top of the 4th over - 2 run(s), 2 hit(s), 0 error(s), 1 left on base; Phoenix 3 - Bellevue 0
BOTTOM OF THE 4TH
Bellevue Bruins batting - Pitching for Phoenix Hotspur U-21 : RHP Maru Pao Pao
Now at 1B: Jim Unknown
Batting: SHB Jorge Ayala 0-0: Called Strike
0-1: Foul Ball, location: 2F
0-2: Hit by Pitch
Batting: RHB Ernesto Bea 0-0: Ball
1-0: Ball
Jorge Ayala steals 2nd base
2-0: Called Strike
2-1: Foul Ball, location: 2F
2-2: Ball
3-2: Ground out 5-3 (Groundball, 56)
Batting: SHB Aurelio Jiménez 0-0: Ball
1-0: Called Strike
1-1: Swinging Strike
1-2: Strikes out swinging
Batting: RHB Alberto Lastaneda 0-0: Ball
1-0: Foul Ball, location: 2F
1-1: Swinging Strike
1-2: Foul Ball, location: 2F
1-2: Ball
2-2: Ball
3-2: Foul Ball, location: 2F
3-2: SINGLE (Line Drive, 9LM)
Jorge Ayala to third
Jorge Ayala scores
Batting: LHB Lorenzo Díaz 0-0: Ball
1-0: Called Strike
1-1: Foul Ball, location: 2F
1-2: Ball
2-2: Ball
3-2: Fly out, F9 (Flyball, 9S)
Bottom of the 4th over - 1 run(s), 1 hit(s), 0 error(s), 1 left on base; Phoenix 3 - Bellevue 1
TOP OF THE 5TH
Phoenix Hotspur U-21 batting - Pitching for Bellevue Bruins : LHP Gwang-soo Park
Batting: RHB Solomon Norment 0-0: Ball
1-0: Ball
2-0: Foul Ball, location: 2F
2-1: Ball
3-1: Base on Balls
Batting: LHB Tyler Kinjeketile 0-0: Sac Bunt - play at first, batter OUT! 1-3
Solomon Norment to second
Batting: LHB Corey Ferguson 0-0: Fly out, F8 (Flyball, 8RM)
Batting: RHB Juan Negrete 0-0: Foul Ball, location: 2F
0-1: Swinging Strike
0-2: Ball
1-2: Ball
2-2: Strikes out swinging
Top of the 5th over - 0 run(s), 0 hit(s), 0 error(s), 1 left on base; Phoenix 3 - Bellevue 1
BOTTOM OF THE 5TH
Bellevue Bruins batting - Pitching for Phoenix Hotspur U-21 : RHP Maru Pao Pao
Batting: RHB Miguel Elías 0-0: Ball
1-0: Called Strike
1-1: Swinging Strike
1-2: Ball
2-2: Strikes out swinging
Batting: LHB David Muller 0-0: Called Strike
0-1: Swinging Strike
0-2: Ball
1-2: Ball
2-2: Ball
3-2: Fly out, F4 (Popup, 4D)
Batting: RHB Carlos Cruz 0-0: Foul Ball, location: 2F
0-1: Ball
1-1: Foul Ball, location: 2F
1-2: Ball
2-2: Foul Ball, location: 2F
2-2: Strikes out swinging
Bottom of the 5th over - 0 run(s), 0 hit(s), 0 error(s), 0 left on base; Phoenix 3 - Bellevue 1
TOP OF THE 6TH
Phoenix Hotspur U-21 batting - Pitching for Bellevue Bruins : LHP Gwang-soo Park
Batting: RHB Bill Erickson 0-0: Ground out 3-1 (Groundball, 34)
Batting: LHB Jason DeGeorge 0-0: Called Strike
0-1: Ball
1-1: SINGLE (Groundball, 4D)
Batting: SHB Jim Unknown 0-0: Called Strike
0-1: Called Strike
0-2: Fly out, F4 (Popup, 4)
Batting: RHB Dale Everest 0-0: Called Strike
0-1: Ball
1-1: Fielders Choice at 2nd, 5-4 (Groundball, 56)
Top of the 6th over - 0 run(s), 1 hit(s), 0 error(s), 0 left on base; Phoenix 3 - Bellevue 1
BOTTOM OF THE 6TH
Bellevue Bruins batting - Pitching for Phoenix Hotspur U-21 : RHP Maru Pao Pao
Batting: LHB Juan Romero 0-0: Fly out, F7 (Flyball, 7S)
Batting: SHB Jorge Ayala 0-0: Ball
1-0: Called Strike
1-1: Foul Ball, location: 2F
1-2: Foul Ball, location: 2F
1-2: Ball
2-2: Foul Ball, location: 2F
2-2: Foul Ball, location: 2F
2-2: Foul Ball, location: 2F
2-2: Foul Ball, location: 2F
2-2: DOUBLE (Line Drive, 9LM) - OUT at third base trying to stretch hit.
Batting: RHB Ernesto Bea 0-0: Ball
1-0: Ball
2-0: SINGLE (Line Drive, 6D)
Batting: SHB Aurelio Jiménez 0-0: Ball
1-0: Foul Ball, location: 2F
1-1: Called Strike
1-2: Ball
2-2: Foul Ball, location: 2F
2-2: Strikes out swinging
Bottom of the 6th over - 0 run(s), 2 hit(s), 0 error(s), 1 left on base; Phoenix 3 - Bellevue 1
TOP OF THE 7TH
Phoenix Hotspur U-21 batting - Pitching for Bellevue Bruins : LHP Gwang-soo Park
Batting: RHB Bill Poole 0-0: Ball
1-0: Foul Ball, location: 2F
1-1: Foul Ball, location: 2F
1-2: Strikes out swinging
Batting: RHB Solomon Norment 0-0: Ball
1-0: Called Strike
1-1: Foul Ball, location: 2F
1-2: Ball
2-2: Strikes out looking
Batting: LHB Tyler Kinjeketile 0-0: Ball
1-0: Swinging Strike
1-1: Ball
2-1: Called Strike
2-2: Strikes out swinging
Top of the 7th over - 0 run(s), 0 hit(s), 0 error(s), 0 left on base; Phoenix 3 - Bellevue 1
BOTTOM OF THE 7TH
Bellevue Bruins batting - Pitching for Phoenix Hotspur U-21 : RHP Maru Pao Pao
Batting: RHB Alberto Lastaneda 0-0: Called Strike
0-1: Ball
1-1: Ball
2-1: Foul Ball, location: 2F
2-2: Foul Ball, location: 2F
2-2: Ball
3-2: Strikes out swinging
Batting: LHB Lorenzo Díaz 0-0: Foul Ball, location: 2F
0-1: Swinging Strike
0-2: Foul Ball, location: 2F
0-2: Strikes out swinging, 2-3 out at first.
Batting: RHB Miguel Elías 0-0: Swinging Strike
0-1: DOUBLE (Line Drive, 89D)
Batting: LHB David Muller 0-0: Ground out 5-3 (Groundball, 5)
Bottom of the 7th over - 0 run(s), 1 hit(s), 0 error(s), 1 left on base; Phoenix 3 - Bellevue 1
TOP OF THE 8TH
Phoenix Hotspur U-21 batting - Pitching for Bellevue Bruins : LHP Gwang-soo Park
Batting: LHB Corey Ferguson 0-0: Ground out 4-3 (Groundball, 4MD)
Batting: RHB Juan Negrete 0-0: Foul Ball, location: 2F
0-1: Ball
1-1: Swinging Strike
1-2: Foul Ball, location: 2F
1-2: Ball
2-2: SINGLE (Groundball, 56D)
Batting: RHB Bill Erickson 0-0: Called Strike
0-1: Swinging Strike
0-2: Ball
1-2: Strikes out looking
Batting: LHB Jason DeGeorge 0-0: Ball
1-0: DOUBLE (Flyball, 7LM)
Juan Negrete to third
Runner from 3rd tries for Home, SAFE, no throw
Batting: SHB Jim Unknown 0-0: Ball
1-0: Called Strike
1-1: Foul Ball, location: 2F
1-2: Strikes out swinging
Top of the 8th over - 1 run(s), 2 hit(s), 0 error(s), 1 left on base; Phoenix 4 - Bellevue 1
BOTTOM OF THE 8TH
Bellevue Bruins batting - Pitching for Phoenix Hotspur U-21 : RHP Maru Pao Pao
Batting: RHB Carlos Cruz 0-0: Ground out 4-3 (Groundball, 4MD)
Batting: LHB Juan Romero 0-0: Swinging Strike
0-1: Fly out, F3 (Line Drive, 34)
Batting: SHB Jorge Ayala 0-0: Called Strike
0-1: Called Strike
0-2: Fly out, F6 (Popup, 56D)
Bottom of the 8th over - 0 run(s), 0 hit(s), 0 error(s), 0 left on base; Phoenix 4 - Bellevue 1
TOP OF THE 9TH
Phoenix Hotspur U-21 batting - Pitching for Bellevue Bruins : LHP Gwang-soo Park
Pitching: RHP Jin Kwon
Batting: RHB Dale Everest 0-0: Foul Ball, location: 2F
0-1: Ball
1-1: Swinging Strike
1-2: Strikes out swinging, 2-3 out at first.
Batting: RHB Bill Poole 0-0: Foul Ball, location: 2F
0-1: Called Strike
0-2: Ball
1-2: Strikes out swinging
Batting: RHB Solomon Norment 0-0: Ball
1-0: Foul Ball, location: 2F
1-1: Ball
2-1: Ball
3-1: Base on Balls
Batting: LHB Tyler Kinjeketile 0-0: Ball
1-0: DOUBLE (Line Drive, 9LM)
Solomon Norment to third
Batting: LHB Corey Ferguson 0-0: Called Strike
0-1: Ball
1-1: Called Strike
1-2: Foul Ball, location: 2F
1-2: Ball
2-2: Foul Ball, location: 2F
2-2: Foul Ball, location: 2F
2-2: Strikes out swinging
Top of the 9th over - 0 run(s), 1 hit(s), 0 error(s), 2 left on base; Phoenix 4 - Bellevue 1
BOTTOM OF THE 9TH
Bellevue Bruins batting - Pitching for Phoenix Hotspur U-21 : RHP Maru Pao Pao
Pitching: RHP Richard Osborn
Now at C: Germán Alfaro
Now in RF: Jeremias Nabais
Batting: RHB Ernesto Bea 0-0: Swinging Strike
0-1: Called Strike
0-2: Strikes out looking
Batting: SHB Aurelio Jiménez 0-0: Called Strike
0-1: Foul Ball, location: 2F
0-2: Strikes out swinging
Batting: RHB Alberto Lastaneda 0-0: Called Strike
0-1: Ball
1-1: Ball
2-1: Foul Ball, location: 2F
2-2: Ball
3-2: Foul Ball, location: 2F
3-2: Foul Ball, location: 2F
3-2: Strikes out swinging
Bottom of the 9th over - 0 run(s), 0 hit(s), 0 error(s), 0 left on base; Phoenix 4 - Bellevue 1
Saturday, May 26th, 2018 - OOTP Baseball 17.12 Build 75